AoeStats
← TW_Jerry YT @TW-aoe2noobs

Arena

508230253Analyzed
4v4 RM · 11d ago on Sep 21, 2026· 43m 17s· 8 players
Game mode
Random Map
Map size
Large (8 player)
Population
200
Speed
Normal
Resources
Standard
Victory
Conquest
Starting age
Dark Age
Ending age
Imperial Age
RankedLock teamsTeams togetherTeam positionsShared explorationLock speedFull tech treeHidden civsTurbo modeCheats
Victory
Defeat
🇹🇼 Ethiopians · Taiwan
1675
+13
🇹🇼 Khmer · Taiwan
1624
+16
🇹🇼 Spanish · Taiwan
1565
+18
🇹🇼 Spanish · Taiwan
1529
+19
🇹🇷 Spanish · Türkiye
1698
-19
🇭🇰 Magyars · Hong Kong SAR China
1623
-17
🇹🇷 Bohemians · Türkiye
1619
-17
🇹🇷 Franks · Türkiye
1511
-13
TW_andy.fet
10:59 Feudal Age
14:46 Castle Age
13:38 Double-Bit Axe
13:44 Horse Collar
14:09 Padded Archer Armor
16:05 Gold Mining
17:36 Leather Archer Armor
22:55 Loom
27:12 Wheelbarrow
26:22 Town Watch
27:18 Scale Barding Armor
27:23 Forging
29:59 Bloodlines
31:49 Chain Barding Armor
31:39 Forging
35:11 Hand Cart
36:43 Husbandry
36:05 Light Cavalry
36:42 Stone Mining
41:26 Imperial Age
40:45 Forging
41:33 Cavalier
42:54 Plate Barding Armor
42:55 Iron Casting
TW_Jerry YT @TW-aoe2noobs
12:01 Feudal Age
14:51 Castle Age
12:39 Double-Bit Axe
12:38 Horse Collar
16:03 Bow Saw
15:54 Heavy Plow
17:11 Wheelbarrow
21:44 Gold Mining
24:18 Loom
27:13 Imperial Age
25:47 Scale Mail Armor
25:58 Forging
26:33 Hand Cart
27:53 Ballistics
27:08 Pikeman
28:06 Chain Mail Armor
28:26 Iron Casting
27:19 Capped Ram
28:30 Conscription
29:26 Chemistry
27:56 Halberdier
28:45 Devotion
29:09 Heavy Scorpion
31:00 Siege Engineers
32:40 Blast Furnace
32:12 Double Crossbow
32:07 Siege Ram
33:04 Scale Barding Armor
33:32 Double Crossbow
34:08 Bloodlines
34:00 Husbandry
34:41 Chain Barding Armor
34:26 Light Cavalry
37:41 Plate Barding Armor
42:40 Fletching
43:03 Masonry
42:32 Hussar
TWNBS_Jian Hei
11:10 Feudal Age
12:19 Double-Bit Axe
15:03 Castle Age
13:06 Horse Collar
16:20 Bow Saw
16:32 Heavy Plow
20:42 Wheelbarrow
21:27 Gold Mining
22:44 Gold Shaft Mining
22:08 Stone Mining
23:46 Loom
24:18 Hand Cart
24:56 Town Watch
27:56 Imperial Age
25:58 Scale Mail Armor
26:09 Forging
27:02 Squires
26:47 Arson
27:18 Chain Mail Armor
28:47 Iron Casting
28:12 Capped Ram
29:05 Siege Engineers
28:23 Halberdier
29:45 Conscription
29:11 Siege Ram
30:46 Plate Mail Armor
31:41 Blast Furnace
32:24 Guilds
33:16 Torsion Engines
35:08 Two-Man Saw
33:44 Sappers
34:25 Masonry
35:18 Chemistry
34:40 Ballistics
35:50 Coinage
35:38 Elite Shotel Warrior
38:42 Royal Heirs
40:20 Fletching
40:43 Masonry
43:14 Bodkin Arrow
斷水流大師兄
11:34 Feudal Age
15:05 Castle Age
12:53 Horse Collar
13:36 Double-Bit Axe
16:54 Wheelbarrow
16:53 Padded Archer Armor
19:15 Wheelbarrow
19:41 Leather Archer Armor
29:31 Bloodlines
29:22 Husbandry
41:40 Imperial Age
39:30 Hand Cart
43:32 Conscription
43:31 Gold Mining
43:33 Stone Mining
43:41 Stone Mining
43:55 Heavy Plow
Sekov
8:49 Loom
10:38 Feudal Age
15:38 Castle Age
14:50 Horse Collar
14:57 Double-Bit Axe
16:32 Bow Saw
16:33 Heavy Plow
17:44 Fervor
17:58 Sanctity
17:54 Fervor
19:38 Sanctity
20:28 Wheelbarrow
23:55 Loom
23:56 Town Watch
24:49 Hand Cart
30:35 Imperial Age
29:40 Wagenburg Tactics
32:20 Chemistry
32:10 Conscription
33:02 Houfnice
34:24 Elite Hussite Wagon
35:46 Siege Engineers
39:24 Masonry
Raptiye Rap Rap
10:02 Feudal Age
13:50 Castle Age
12:39 Double-Bit Axe
12:56 Horse Collar
17:55 Bow Saw
18:48 Wheelbarrow
23:39 Heavy Plow
26:42 Hand Cart
26:59 Gold Mining
29:56 Imperial Age
28:09 Scale Barding Armor
28:00 Fletching
28:15 Scale Barding Armor
28:15 Stone Mining
28:51 Loom
30:06 Stone Shaft Mining
30:21 Masonry
30:08 Town Watch
30:55 Chain Barding Armor
31:16 Supremacy
31:16 Conscription
30:30 Onager
33:33 Chemistry
32:41 Scale Mail Armor
32:03 Man-at-Arms
32:28 Gambesons
32:44 Squires
32:44 Arson
33:13 Long Swordsman
34:24 Chain Mail Armor
34:32 Forging
34:29 Town Patrol
34:08 Two-Handed Swordsman
35:49 Plate Mail Armor
36:36 Iron Casting
39:56 Blast Furnace
38:18 Pikeman
40:02 Halberdier
40:02 Champion
40:24 Champion
43:09 Ballistics
[CAF] kaanuni
4:59 Loom
11:39 Feudal Age
15:47 Castle Age
13:34 Double-Bit Axe
17:35 Bow Saw
26:44 Wheelbarrow
27:56 Hand Cart
32:12 Imperial Age
白纸o
10:37 Feudal Age
14:22 Castle Age
12:21 Double-Bit Axe
13:05 Horse Collar
20:48 Fletching
20:28 Elite Skirmisher
21:36 Padded Archer Armor
21:32 Loom
23:47 Bodkin Arrow
29:10 Leather Archer Armor
31:26 Bow Saw
35:03 Heavy Plow
38:56 Imperial Age
37:03 Wheelbarrow
36:50 Gold Mining
36:51 Stone Mining
37:13 Corvinian Army
37:26 Bloodlines
38:17 Ballistics
38:45 Scale Barding Armor
40:06 Conscription
40:14 Thumb Ring
40:36 Chain Barding Armor
40:20 Elite Magyar Huszar
42:12 Plate Barding Armor
42:15 Siege Engineers
42:15 Husbandry
42:35 Bracer
43:29 Crop Rotation
Connection lost

Rejoining the realm…

Still unreachable

The connection could not be restored.

Session expired

The server has moved on; the page needs a fresh start.